cohdb
Replays
Latest Replays
All Replays
Popular Replays
Top Player Replays
Match Explorer
How It Works
Community
CoH3 Stats
Reddit
Sign in to upload your games and track your stats! →
Sign in with Steam
Match 42578876
Unlisted
Match 42578876
Overview
Messages
Build Orders
End
Scout Squad
Construct Barracks
Selects Special Operations Battlegroup
Selects M29 Weasel Recon Vehicle
M29 Weasel Recon Vehicle
Riflemen Squad
Riflemen Squad
Infantry Support Center
Riflemen Squad
Construct Weapon Support Center
Riflemen Squad
Selects Raiding Flares
Selects SSF Commando Squad
Construct Medical Station
M1918 Browning Automatic Rifles
SSF Commando Squad
Grenade Package
Selects P-47 Anti-Infantry Loiter
Construct Tank Depot
P-47 Anti-Infantry Loiter
Construct Tank Depot
M4(105) Sherman Bulldozer
M18 Hellcat Tank Destroyer
NotQuiteAKing
Safety First
Tung
Zyllen
0
0
Comments
sign in to comment!
No comments posted yet!